 Dungeon Crawl Stone Soup version 0.25-a0-558-g78a2afb0af (webtiles) character file.

Game seed: 8269331543125023292, levelgen mode: classic

76 EnegeticOcto the Shield-Bearer (level 4, -2/42 HPs)
             Began as a Deep Dwarf Fighter on Feb 24, 2020.
             Slain by Pikel
             ... wielding a +2 whip of electrocution
              (16 damage)
             ... on level 6 of the Dungeon.
             The game lasted 00:00:33 (712 turns).

EnegeticOcto the Shield-Bearer (Deep Dwarf Fighter)  Turns: 712, Time: 00:00:34

Health: -2/42      AC:  6    Str: 20    XL:     4   Next: 12%
Magic:  3/3        EV:  8    Int:  9    God:
Gold:   113        SH:  9    Dex: 12    Spells: 3/3 levels left

rFire    . . .     SeeInvis .   a - +0 war axe
rCold    . . .     Gourm    .   c - +0 kite shield
rNeg     . . .     Faith    .   b - +0 scale mail
rPois    .         Spirit   .   (no helmet)
rElec    .         Reflect  .   (no cloak)
rCorr    .         Harm     .   (no gloves)
MR       .....                  (no boots)
Stlth    ..........             (no amulet)
HPRegen  0.00/turn              (no ring)
MPRegen  0.08/turn              (no ring)

@: non-regenerating
A: damage resistance, heal wounds, sense surroundings 1, no regeneration
a: Heal Wounds


You were on level 6 of the Dungeon.
You were not hungry.

You visited 1 branch of the dungeon, and saw 4 of its levels.

You collected 113 gold pieces.

Inventory:

Hand Weapons
 a - a +0 war axe (weapon)
Armour
 b - a +0 scale mail (worn)
 c - a +0 kite shield (worn)
Scrolls
 f - 2 scrolls of magic mapping {unknown}
 h - 2 scrolls of teleportation {unknown}
 i - 2 scrolls of identify {unknown}
Potions
 g - a potion of resistance {unknown}
 j - a potion of curing {unknown}
 k - 2 potions of might {@q3}
 l - 2 potions of flight {unknown}
Comestibles
 d - 9 chunks of flesh
 e - 3 rations


   Skills:
 * Level 3.4 Fighting
 * Level 3.1 Axes
 + Level 3.6 Armour
 + Level 1.2 Dodging
 + Level 3.7 Shields


You had 3 spell levels left.
You didn't know any spells.
Your spell library was empty.

Dungeon Overview and Level Annotations

Branches:
Dungeon (3/15)

Altars:

Annotations:
D:6 Pikel


Innate Abilities, Weirdness & Mutations

You are resistant to damage.
You can heal yourself by infusing magical energy.
You passively map a small area around you.
You do not regenerate.


Message History

You hit Pikel.
Pikel is moderately wounded.
You closely miss the slave. x2; The slave hits you but does no damage.
Pikel hits you with a +2 whip of electrocution!
The slave hits you.
A slave comes into view.
The slave barely misses you.
The slave shouts!
You completely miss Pikel.
Pikel is moderately wounded.
You slash the slave! You hit the slave but do no damage.
Pikel hits you with a +2 whip of electrocution.
The slave hits you but does no damage. You block the slave's attack.
Pikel hits you but does no damage. The slave hits you.
* * * LOW HITPOINT WARNING * * *
You are too injured to fight recklessly!
You are too injured to fight recklessly!
You are too injured to fight recklessly!
You are too injured to fight recklessly!
You are too injured to fight recklessly!
You are too injured to fight recklessly!
You are too injured to fight recklessly!
You are too injured to fight recklessly!
You are too injured to fight recklessly!
You are too injured to fight recklessly!
You feel much better. The slave hits you.
Pikel hits you with a +2 whip of electrocution.
You block the slave's attack.
You fail to use your ability.
You block the slave's attack.
Pikel hits you with a +2 whip of electrocution.
The slave hits you.
You closely miss the slave.
The slave is moderately wounded.
The slave closely misses you.
You barely miss Pikel.
Pikel is moderately wounded.
Pikel hits you but does no damage.
You are electrocuted!
* * * LOW HITPOINT WARNING * * *
You are too injured to fight recklessly!
You are too injured to fight recklessly!
You are too injured to fight recklessly!
You are too injured to fight recklessly!
You are too injured to fight recklessly!
You are too injured to fight recklessly!
You are too injured to fight recklessly!
You are too injured to fight recklessly!
You are too injured to fight recklessly!
You are too injured to fight recklessly!
You are too injured to fight recklessly!
Your magical essence is drained by the effort!
You feel much better. Pikel hits you but does no damage.
You are electrocuted!!
You fail to use your ability.
You block Pikel's attack.
You feel much better. You block Pikel's attack.
Some of the chunks of flesh in your inventory have rotted away.
You barely miss Pikel.
Pikel is moderately wounded.
Pikel hits you with a +2 whip of electrocution.
Your shield and scale mail prevent you from hitting Pikel.
Pikel is moderately wounded.
You block Pikel's attack. x2
You barely miss Pikel.
Pikel is moderately wounded.
Pikel hits you but does no damage.
You miss Pikel.
Pikel is moderately wounded.
You block Pikel's attack.
You closely miss Pikel.
Pikel is moderately wounded.
Pikel hits you with a +2 whip of electrocution!
You are electrocuted!
Pikel closely misses you.
You are too injured to fight recklessly!
You are too injured to fight recklessly!
You are too injured to fight recklessly!
You are too injured to fight recklessly!
You are too injured to fight recklessly!
You are too injured to fight recklessly!
You are too injured to fight recklessly!
You are too injured to fight recklessly!
You are too injured to fight recklessly!
You are too injured to fight recklessly!
You fail to use your ability.
You block Pikel's attack.
You feel much better. Pikel misses you.
You feel much better.
Pikel hits you with a +2 whip of electrocution.
Your shield and scale mail prevent you from hitting Pikel.
Pikel is lightly wounded.
Pikel hits you with a +2 whip of electrocution.
You slash Pikel!
Pikel is heavily wounded.
Pikel barely misses you.
Pikel hits you with a +2 whip of electrocution.
You hit Pikel but do no damage.
Pikel is heavily wounded.
Pikel hits you with a +2 whip of electrocution.
You are electrocuted!
You barely miss Pikel.
Pikel is heavily wounded.
Pikel hits you with a +2 whip of electrocution!
You are electrocuted!!
You die...

##!.#
,...#
######..#
#.....p.#
*
#.####p##
, ,* #p#
** * *
#p# #K#
#@# #.#
#.# #.# *
#.# ..#
###


You could see Pikel and 4 slaves.

Vanquished Creatures
  4 adders (D:2)
  A worm (D:2)
  A dart slug (D:2)
  2 leopard geckos
  3 bats (D:1)
  2 giant cockroaches
  A goblin (D:2)
  6 hobgoblins
  3 jackals (D:2)
  A ball python (D:2)
  A frilled lizard (D:1)
  6 kobolds
  A rat (D:2)
32 creatures vanquished.

Notes
Turn   | Place    | Note
-------+----------+-------------------------------------------
     0 | D:1      | EnegeticOcto the Deep Dwarf Fighter began the quest for the
                  | Orb.
     0 | D:1      | Reached XP level 1. HP: 20/20 MP: 1/1
   163 | D:1      | Reached XP level 2. HP: 21/27 MP: 2/2
   367 | D:2      | Found a faded altar of an unknown god.
   421 | D:2      | Reached XP level 3. HP: 20/34 MP: 3/3
   512 | D:2      | Reached skill level 1 in Dodging
   614 | D:2      | Reached XP level 4. HP: 39/42 MP: 4/4
   674 | D:3      | You fall into a shaft and drop 3 floors!
   674 | D:6      | Noticed a slave
   679 | D:6      | Noticed a slave
   682 | D:6      | Noticed a slave
   683 | D:6      | Noticed Pikel
   687 | D:6      | Noticed a slave
   712 | D:6      | Slain by Pikel

Levels and vault maps discovered:
D:1:      dpeg_arrival_concentric_ovals, layout_basic
D:2:      kennysheep_six_static_rooms, layout_loops_ring,
          chequers_ecumenical_altar_grove
D:3:      layout_basic
D:6:      layout_loops_ring, kennysheep_mini_moat,
          minmay_temple_entry_stoned_glass, uniq_pikel

Skill      XL: |  1  2  3 |
---------------+----------+-----
Fighting       | 3 |  3.4
Dodging        | 1 |  1.2
Axes           | 3 |  3.1
Armour         | |  3.6
Shields        | |  3.7

Action                   |  1- 3 |  4- 6 || total
-------------------------+-------+-------++-------
Melee: War axe           |   104 |    27 ||   131
 Abil: Heal Wounds       |     1 |     5 ||     6
Armor: Scale mail        |    52 |     9 ||    61
Dodge: Dodged            |    41 |    12 ||    53
Block: Kite shield       |    53 |    21 ||    74

Table legend:
 A = Non-vault XP
 B = Vault XP
 C = Vault XP percentage of total XP
 D = Non-vault monster count
 E = Vault monster count
 F = Vault count percentage of total count
                 A         B        C        D         E       F
            +---------+---------+-------+---------+---------+-------
      Total |      83 |      26 |  23.9 |      26 |       6 |  18.8
            +---------+---------+-------+---------+---------+-------
        D:1 |      16 |       0 |   0.0 |      10 |       0 |   0.0
        D:2 |      65 |      26 |  28.6 |      15 |       6 |  28.6
        D:3 |       2 |       0 |   0.0 |       1 |       0 |   0.0
            +---------+---------+-------+---------+---------+-------
